 Dungeon Crawl Stone Soup version 0.21.1-1-g345015fe64 (console) character file.

147292 Kloppie the Warrior (level 16, 0/232 HPs)
             Began as a Minotaur Berserker on Jan 17, 2018.
             Was a High Priest of Trog.
             Slain by a naga warrior
             ... wielding a +0 dire flail
              (18 damage)
             ... on level 3 of the Snake Pit on Feb 25, 2018.
             The game lasted 00:58:43 (30265 turns).

Kloppie the Warrior (Minotaur Berserker)           Turns: 30265, Time: 00:58:43

Health: 0/232      AC: 23    Str: 28    XL:     16   Next: 61%
Magic:  6/6        EV: 21    Int:  4    God:    Trog [*****.]
Gold:   1437       SH: 20    Dex: 20    Spells: 15/15 levels left

rFire    . . .     SeeInvis .   b - +4 rapier (antimagic)
rCold    + . .     Gourm    .   r - +0 shield
rNeg     . . .     Faith    .   Q - +3 scale mail {rC+}
rPois    +         Spirit   .   (helmet restricted)
rElec    +         Reflect  +   C - +1 cloak {+Inv}
rCorr    .         Harm     .   y - +2 pair of gloves
MR       +++..                  f - +2 pair of boots
Stlth    ..........             L - +5 amulet of reflection
HPRegen  1.48/turn              o - +2 ring of evasion
MPRegen  0.10/turn              z - ring of Tague {*Drain +Blink rElec rPois Dex+4}

@: berserking (expiring), lethally poisoned (0 -> -1), regenerating, slowed,
constricted
A: retaliatory headbutt, horns 2
}: 1/15 runes: decaying
a: Berserk, Trog's Hand, Brothers in Arms, Burn Spellbooks, Renounce Religion,
Evoke Blink, Evoke Invisibility


You were on level 3 of the Snake Pit.
You worshipped Trog.
Trog was extremely pleased with you.
You were not hungry.

You visited 4 branches of the dungeon, and saw 27 of its levels.
You also visited: Labyrinth and Sewer.

You collected 1633 gold pieces.
You spent 196 gold pieces at shops.

Inventory:

Hand Weapons
 a - a +0 scimitar of flaming
 b - a +4 antimagic rapier (weapon)
 m - a +1 vampiric long sword
Armour
 f - a +2 pair of boots (worn)
 r - a +0 shield (worn)
 y - a +2 pair of gloves (worn)
 C - a +1 cloak of invisibility (worn)
 Q - a +3 scale mail of cold resistance (worn)
Jewellery
 i - an uncursed ring of flight
 n - an uncursed ring of ice
 o - a +2 ring of evasion (left hand)
 z - the ring of Tague (right hand) {*Drain +Blink rElec rPois Dex+4}
   (You took it off a minotaur in a labyrinth)

   [ring of poison resistance]

   It affects your dexterity (+4).
   It insulates you from electricity.
   It protects you from poison.
   It lets you blink.
   It causes draining when unequipped.
 I - an uncursed amulet of the gourmand
 L - a +5 amulet of reflection (around neck)
Wands
 h - a wand of paralysis (36)
 u - a wand of digging (17)
 D - a wand of disintegration (26)
 K - a wand of acid (19)
Scrolls
 g - 8 scrolls of teleportation
 k - 10 scrolls of remove curse
 p - a scroll of magic mapping
 t - 2 scrolls of blinking
 A - 3 scrolls of enchant armour
 F - 2 scrolls of identify
 G - 3 scrolls of fog
 H - 4 scrolls of enchant weapon
Potions
 d - 21 potions of curing
 e - 4 potions of agility
 j - 2 potions of might
 l - 3 potions of invisibility
 s - a potion of cancellation
 v - 2 potions of haste
 w - 3 potions of brilliance
 x - 4 potions of lignification
 B - 2 potions of mutation
 E - 2 potions of flight
 J - a potion of berserk rage
 N - a potion of resistance
Comestibles
 c - 30 rations


   Skills:
 - Level 17.3 Fighting
 + Level 4.6(9.7) Short Blades
 - Level 14.0(14.3) Long Blades
 - Level 15.0 Armour
 - Level 15.0 Dodging
 - Level 15.0 Shields
 + Level 5.2 Evocations


You had 15 spell levels left.
You didn't know any spells.

Dungeon Overview and Level Annotations

Branches:
Dungeon (14/15) Temple (0/1) D:7 Lair (6/6) D:9 Swamp (4/4) Lair:3 Snake (3/4) Lair:3 Slime (0/5) Lair:5 Orc (0/2) D:9 Vaults (0/5) D:13 D:14

Altars:
Nemelex Xobeh
Okawaru
Trog
Wu Jian
Jiyva

Shops:
D:7 ?[[!*   D:8 ?


Innate Abilities, Weirdness & Mutations

You reflexively headbutt those who attack you in melee.
You have a pair of horns on your head.


Message History

You barely miss the naga warrior. Your headbutt misses the naga warrior.
The naga warrior is heavily wounded.
You feel sick. The naga warrior misses you.
The naga warrior spits poison at you.
The splash of poison reflects off an invisible shield around you!
The splash of poison misses the naga warrior.
* * * LOW HITPOINT WARNING * * *
The naga warrior constricts you.
You puncture the naga warrior!
The naga warrior is severely wounded.
You feel sick. You block the naga warrior's attack.
The naga warrior constricts you. You block the naga warrior's attack.
You puncture the naga warrior!
The naga warrior is severely wounded.
You puncture the naga warrior!
The naga warrior is almost dead.
You feel sick. You block the naga warrior's attack.
The naga warrior constricts you.
The naga warrior hits you with a dire flail!!
You die...

##..... #.
#...... ##.#
.... ##...
##...# <....
..##### #.....#
.... .......
#...... ....
.#..##. .......
..# # #...
.......###..##
#.....
.......N@)...#
#......
.......#N)...##
#......
.....#........#
#.#.... ....
##.......#
#.##... #..
##..........
#... ##
#..........#
...#
#(..........
#...........
#####...........


You could see 2 naga warriors.

Vanquished Creatures
  A bone dragon (Swamp:4)
  A tentacled monstrosity (Swamp:3)
  Frances (D:13)
  Aizul (Snake:2)
  Nessos (D:13)
  The ghost of topfpfpflanze the Nimble, a journeyman OpEn of Sif Muna (Lair:5)
  A minotaur (Lab)
  2 fire dragons
  8 hydras
  Harold (D:12)
  3 ghost crabs (Swamp:4)
  5 naga warriors
  Erica (D:8)
  The ghost of Roak the Fighter, a novice OgMo of Hepliaklqana (D:9)
  A death knight (D:14)
  6 anacondas
  An alligator (Lair:3)
  3 centaur warriors
  5 two-headed ogres
  12 death yaks
  2 catoblepae
  2 tengu warriors (D:14)
  4 naga sharpshooters (Snake:2)
  3 shock serpents (Snake:2)
  Urug (D:12)
  Sonja (Lair:1)
  A fire crab (Lair:6)
  A skeletal warrior (D:13)
  A phantasmal warrior (Swamp:4)
  2 unseen horrors
  2 naga ritualists
  Pikel (D:7)
  2 deep elf magi
  A spectral hydra (Swamp:4)
  2 swamp dragons
  An orc knight (D:13)
  2 ugly things (D:12)
  The ghost of Fv001 the Bolt Thrower, a novice FoHu (D:6)
  2 mana vipers
  A manticore (D:13)
  A cyclops (D:13)
  A centaur zombie (D:14)
  2 salamanders
  The ghost of MalkierKing the Chopper, a novice MiBe of Trog (D:4)
  4 elephants
  16 black mambas
  A guardian serpent (Snake:3)
  Maurice (D:8)
  7 spiny frogs
  3 molten gargoyles (Lair:6)
  A torpor snail (Lair:5)
  6 naga magi
  2 gargoyles
  2 rime drakes (Lair:5)
  A kobold demonologist (D:12)
  4 swamp worm zombies (Swamp:4)
  A freezing wraith (D:14)
  13 komodo dragons
  3 tyrant leeches (Swamp:4)
  2 hydra zombies (Swamp:4)
  A queen bee (Lair:3)
  A tengu conjurer (D:14)
  3 polar bears
  3 trolls
  2 hornets
  30 slime creatures
  5 blink frogs
  5 hippogriffs
  6 spectral swamp dragons (Swamp:4)
  An alligator zombie (Swamp:4)
  6 bog bodies
  2 spriggans
  4 shadows
  3 wyverns (Lair:6)
  3 wraiths
  14 humans
  65 yaks
  Grum (D:8)
  A steam dragon (D:11)
  5 basilisks
  A hungry ghost (D:10)
  3 vampire mosquitoes (Swamp:2)
  Menkaure (D:5)
  21 nagas
  11 swamp worms
  12 insubstantial wisps
  2 acid dragons (D:14)
  4 water moccasins
  2 soldier ants
  4 hell hounds (Lair:6)
  9 porcupines
  Duvessa (D:6)
  A hornet zombie (D:9)
  2 swamp drakes
  7 sky beasts
  5 swamp dragon zombies (Swamp:4)
  4 ice beasts
  2 black bears
  A black bear (shapeshifter) (D:13)
  3 eyes of draining
  9 phantoms
  7 orc warriors
  8 ogres
  9 centaurs
  43 wolves
  6 crocodiles
  2 big kobolds
  23 bullfrogs
  Dowan (D:6)
  21 killer bees
  2 scorpions (D:8)
  3 electric eels
  15 wights
  10 crimson imps
  A jelly (D:13)
  5 lava snakes
  8 hounds
  A quasit (D:11)
  11 orc priests
  Crazy Yiuf (D:3)
  A bullfrog skeleton (D:4)
  8 centaur skeletons
  A gnoll shaman (D:5)
  8 orc wizards
  Natasha (twice) (D:2)
  4 iguanas
  11 worker ants
  2 killer bee zombies
  Robin (D:3)
  A howler monkey skeleton (D:10)
  4 gnolls (D:5)
  17 adders
  7 river rats
  A swamp drake zombie (Swamp:4)
  An ooze (Sewer)
  6 worms
  3 dart slugs
  4 leopard geckos
  45 orcs
  5 ball pythons
  8 giant cockroaches
  9 hobgoblins
  20 jackals
  3 quokkas
  10 bats
  6 frilled lizards
  18 goblins
  28 kobolds
  A leopard gecko skeleton (D:4)
  25 rats
864 creatures vanquished.

Vanquished Creatures (collateral kills)
  Agnes (D:13)
  A ghost crab (Swamp:1)
  A death drake (Swamp:4)
  A tyrant leech (Swamp:3)
  A blink frog (Swamp:1)
  4 humans (D:13)
  A swamp worm (Swamp:1)
  A bullfrog (D:13)
11 creatures vanquished.

Vanquished Creatures (others)
  A hydra (D:14)
  2 centaur warriors (D:14)
  2 alligators (Swamp:4)
  A naga sharpshooter (Snake:1)
  A blink frog (Swamp:1)
  2 insubstantial wisps (Swamp:4)
  A naga (Snake:3)
  A wolf (Lair:5)
  A wight (D:14)
  A quokka (D:6)
  2 fungi
  4 plants
19 creatures vanquished.

Grand Total: 894 creatures vanquished

Notes
Turn   | Place    | Note
-------+----------+-------------------------------------------
     0 | D:1      | Kloppie the Minotaur Berserker began the quest for the Orb.
     0 | D:1      | Reached XP level 1. HP: 19/19 MP: 0/0
    74 | D:1      | Reached skill level 4 in Fighting
    89 | D:1      | Reached XP level 2. HP: 27/27 MP: 1/1
   230 | D:1      | Reached ** piety under Trog
   235 | D:1      | Reached XP level 3. HP: 31/34 MP: 2/2
  1006 | D:2      | Noticed Natasha
  1013 | D:2      | Killed Natasha
  1013 | D:2      | Reached skill level 5 in Fighting
  1013 | D:2      | Reached skill level 5 in Long Blades
  1013 | D:2      | Reached XP level 4. HP: 8/42 MP: 3/3
  1387 | D:2      | Noticed Natasha
  1388 | D:2      | Killed Natasha
  1467 | D:3      | Noticed Robin
  1485 | D:3      | Reached XP level 5. HP: 9/48 MP: 4/4
  1486 | D:3      | Killed Robin
  1836 | D:3      | Reached *** piety under Trog
  2646 | D:3      | Found an ornate altar of the Wu Jian Council.
  2697 | D:3      | Found a runed door.
  2701 | D:3      | Noticed Crazy Yiuf
  2705 | D:3      | Killed Crazy Yiuf
  2705 | D:3      | Reached skill level 6 in Fighting
  2913 | D:4      | Noticed MalkierKing's ghost (novice MiBe)
  2933 | D:4      | HP: 3/75 [MalkierKing's ghost (8)]
  2936 | D:4      | Killed MalkierKing's ghost
  2936 | D:4      | Reached skill level 7 in Fighting
  2936 | D:4      | Reached XP level 6. HP: 4/60 MP: 5/5
  2936 | D:4      | Reached XP level 7. HP: 5/66 MP: 6/6
  3722 | D:5      | Entered Level 5 of the Dungeon
  3732 | D:5      | Reached skill level 8 in Fighting
  3820 | D:5      | Reached XP level 8. HP: 11/75 MP: 7/7
  3821 | D:5      | Noticed Menkaure
  3844 | D:5      | Killed Menkaure
  3844 | D:5      | Reached skill level 9 in Fighting
  3866 | D:5      | HP: 3/78 [orc priest/divine providence (12)]
  4327 | D:5      | Reached **** piety under Trog
  4351 | D:5      | Reached skill level 10 in Long Blades
  4861 | D:6      | Reached skill level 5 in Dodging
  4868 | D:6      | Reached XP level 9. HP: 26/83 MP: 8/8
  5183 | D:6      | Found a glowing drain.
  5187 | Sewer    | Entered a sewer
  5272 | Sewer    | Reached ***** piety under Trog
  5368 | Sewer    | Received a gift from Trog
  5789 | D:6      | Noticed Fv001's ghost (novice FoHu)
  5799 | D:6      | Killed Fv001's ghost
  5881 | D:6      | Reached skill level 1 in Shields
  6265 | D:6      | Noticed Dowan
  6266 | D:6      | Noticed Duvessa
  6285 | D:6      | Killed Duvessa
  6288 | D:6      | Killed Dowan
  6413 | D:7      | Found a staircase to the Ecumenical Temple.
  6440 | D:7      | Found Sakkiacs's Magic Scroll Emporium.
  6445 | D:7      | Bought a scroll of noise for 10 gold pieces
  6445 | D:7      | Bought a scroll of fog for 20 gold pieces
  6445 | D:7      | Bought a scroll of enchant weapon for 75 gold pieces
  6445 | D:7      | Bought a scroll of enchant armour for 75 gold pieces
  6533 | D:7      | Found an iron altar of Okawaru.
  6600 | D:7      | Found Hein's Armour Shoppe.
  6621 | D:7      | Reached skill level 5 in Shields
  6648 | D:7      | Reached XP level 10. HP: 47/91 MP: 9/9
  6653 | D:7      | Received a gift from Trog
  6852 | D:7      | Found Faarah's General Store.
  6910 | D:7      | Found Egigyshott's Distillery.
  6917 | D:7      | Bought a potion of degeneration for 16 gold pieces
  6924 | D:7      | Found Fumav's Antique Armour Shoppe.
  7011 | D:7      | Noticed Pikel
  7020 | D:7      | Killed Pikel
  7290 | D:8      | Found Ywkulid's Magic Scroll Shoppe.
  7401 | D:8      | Noticed Erica
  7421 | D:8      | Killed Erica
  7507 | D:8      | Noticed a two-headed ogre
  7522 | D:8      | Killed a two-headed ogre
  7582 | D:8      | Noticed Grum
  7594 | D:8      | Killed Grum
  8013 | D:8      | Noticed Maurice
  8040 | D:8      | Killed Maurice
  8308 | D:8      | Reached XP level 11. HP: 90/97 MP: 10/10
  8487 | D:9      | Reached skill level 10 in Shields
  8515 | D:9      | Found a staircase to the Orcish Mines.
  8795 | D:9      | Noticed Roak's ghost (novice OgMo)
  8805 | D:9      | Killed Roak's ghost
  9045 | D:9      | Found a staircase to the Lair.
  9350 | D:9      | Upgraded the game from 0.21.0-3-g78d12a8bdd to 0.21.1-1-g345015fe64
  9412 | Lair:1   | Entered Level 1 of the Lair of Beasts
  9525 | Lair:1   | Noticed a seven-headed hydra
  9527 | Lair:1   | Noticed Sonja
  9533 | Lair:1   | Killed a five-headed hydra
  9912 | Lair:1   | Killed Sonja
 10195 | Lair:2   | Found a labyrinth entrance.
 10226 | Lair:2   | Noticed a seven-headed hydra
 10235 | Lair:2   | Killed a four-headed hydra
 10399 | Lab      | Entered a labyrinth
 11685 | Lab      | Noticed a minotaur
 11697 | Lab      | Killed a minotaur
 11697 | Lab      | Reached XP level 12. HP: 79/104 MP: 11/11
 11699 | Lab      | Got a transparent bronze ring
 11706 | Lab      | Identified the Reference Book on Feathers and the Glacier
 11778 | Lair:2   | Identified the ring of Tague {*Drain +Blink rElec rPois Dex+4} (You took it off a minotaur in a labyrinth)
 12448 | Lair:3   | Reached skill level 15 in Shields
 12671 | Lair:3   | Noticed a fire dragon
 12686 | Lair:3   | Killed a fire dragon
 13080 | Lair:3   | Found a staircase to the Swamp.
 13112 | Lair:3   | Found a staircase to the Snake Pit.
 13154 | Lair:3   | Reached skill level 10 in Dodging
 13414 | Lair:3   | Noticed a catoblepas
 13421 | Lair:3   | Killed a catoblepas
 13691 | Lair:3   | Received a gift from Trog
 14003 | Lair:4   | Noticed an eight-headed hydra
 14013 | Lair:4   | Killed a two-headed hydra
 14832 | Lair:5   | Noticed a death yak
 14833 | Lair:5   | Noticed a death yak
 14848 | Lair:5   | Killed a death yak
 14863 | Lair:5   | Killed a death yak
 14863 | Lair:5   | Reached skill level 5 in Armour
 14863 | Lair:5   | Reached XP level 13. HP: 61/111 MP: 12/12
 15231 | Lair:5   | Noticed topfpfpflanze's ghost (journeyman OpEn)
 15276 | Lair:5   | Killed topfpfpflanze's ghost
 15276 | Lair:5   | Received a gift from Trog
 15719 | Lair:5   | Reached skill level 10 in Fighting
 15726 | Lair:5   | Found a staircase to the Slime Pits.
 15727 | Lair:5   | Found a viscous altar of Jiyva.
 16343 | Lair:6   | Entered Level 6 of the Lair of Beasts
 16440 | Lair:6   | Reached skill level 11 in Fighting
 16985 | Lair:6   | Reached skill level 12 in Fighting
 17329 | Lair:6   | Found a large runed door.
 17329 | Lair:6   | Found a large runed door.
 17338 | Lair:6   | Reached skill level 13 in Fighting
 17793 | Lair:6   | Reached XP level 14. HP: 115/129 MP: 13/13
 17961 | Lair:6   | Reached skill level 14 in Fighting
 18808 | Lair:6   | Reached skill level 15 in Fighting
 19046 | D:10     | Entered Level 10 of the Dungeon
 19680 | D:11     | Reached skill level 10 in Armour
 19703 | D:11     | Received a gift from Trog
 20189 | D:12     | Noticed Urug
 20197 | D:12     | Killed Urug
 20323 | D:12     | Noticed Harold
 20336 | D:12     | Killed Harold
 20544 | D:12     | Reached ****** piety under Trog
 20808 | D:13     | Noticed Nessos
 20826 | D:13     | Killed Nessos
 20956 | D:13     | Noticed Frances
 20971 | D:13     | Killed Frances
 21331 | D:13     | Received a gift from Trog
 21495 | D:13     | Found a bloodstained altar of Trog.
 22176 | D:14     | Found a gate to the Vaults.
 22176 | D:14     | Noticed Agnes
 22203 | D:13     | Killed Agnes
 22203 | D:13     | Reached XP level 15. HP: 64/141 MP: 4/14
 22903 | D:14     | Reached skill level 15 in Armour
 22961 | D:14     | Received a gift from Trog
 23766 | Swamp:1  | Entered Level 1 of the Swamp
 24977 | Swamp:3  | Noticed Mara
 24983 | Swamp:3  | Noticed Kloppie's illusion
 25007 | Swamp:3  | HP: 7/141 [Kloppie's illusion[Mara] (5)]
 25463 | Swamp:4  | Entered Level 4 of the Swamp
 25470 | Swamp:4  | Noticed a tentacled monstrosity
 25490 | Swamp:3  | Killed a tentacled monstrosity
 25765 | Swamp:4  | Reached skill level 15 in Dodging
 26260 | Swamp:4  | Noticed a bone dragon
 26274 | Swamp:4  | Received a gift from Trog
 26288 | Swamp:4  | Killed a bone dragon
 26344 | Swamp:4  | Reached skill level 16 in Fighting
 26355 | Swamp:4  | Reached XP level 16. HP: 38/151 MP: 15/15
 26633 | Swamp:4  | Got a decaying rune of Zot
 26967 | Snake:1  | Entered Level 1 of the Snake Pit
 27536 | Snake:1  | Reached skill level 1 in Evocations
 27655 | Snake:2  | Reached skill level 17 in Fighting
 28148 | Snake:2  | Found a sparkling altar of Nemelex Xobeh.
 28179 | Snake:2  | Got a warped scale mail
 28190 | Snake:2  | Identified the +1 scale mail of the Ecumenical Temple {Str+5 Int-5} (You found it on level 2 of the Snake Pit)
 28190 | Snake:2  | Lost intelligence.
 28263 | Snake:2  | Noticed Aizul
 28291 | Snake:2  | Killed Aizul
 28892 | Snake:2  | Reached skill level 1 in Short Blades
 29396 | Snake:3  | Received a gift from Trog
 30159 | Snake:3  | Reached skill level 5 in Evocations
 30265 | Snake:3  | Slain by a naga warrior

Skill      XL: |  1  2  3  4  5  6  7  8  9 10 11 12 13 14 15 16 |
---------------+-------------------------------------------------+-----
Fighting       | 4 5 7 8 9 13 15 16 17 | 17.3
Long Blades    | 4 5 7 8 10 12 14 | 14.0
Dodging        | 5 6 11 15 | 15.0
Shields        | 5 9 14 15 | 15.0
Armour         | 5 9 14 15 | 15.0
Evocations     | 5 |  5.2
Short Blades   | 4 |  4.6

Action                   |  1- 3 |  4- 6 |  7- 9 | 10-12 | 13-15 | 16-18 || total
-------------------------+-------+-------+-------+-------+-------+-------++-------
Melee: Falchion          |    87 |    90 |   446 |       |       |       ||   623
       Headbutt          |    16 |    21 |    98 |   182 |   533 |   189 ||  1039
       Long sword        |       |       |    14 |    55 |       |       ||    69
       Scimitar          |       |       |       |   604 |  1329 |   220 ||  2153
       Rapier            |       |       |       |       |   141 |   340 ||   481
Invok: Berserk           |     1 |     3 |     3 |     4 |     9 |     1 ||    21
       Trog's Hand       |       |     1 |     4 |     3 |    10 |     1 ||    19
       Brothers in Arms  |       |       |       |       |     4 |       ||     4
  Use: Scroll            |       |       |    13 |     8 |     6 |     4 ||    31
       Potion            |       |       |       |     1 |    18 |     1 ||    20
 Stab: Sleeping          |       |       |     1 |       |       |       ||     1
       Distracted        |       |       |       |       |     1 |       ||     1
       Invisible         |       |       |       |       |     3 |       ||     3
  Eat: Chunk             |       |     9 |    12 |    39 |    27 |     2 ||    89
       Ration            |       |       |     2 |     2 |     7 |     2 ||    13
Armor: Animal skin       |    17 |       |       |       |       |       ||    17
       Leather armour    |     5 |    22 |   124 |    75 |       |       ||   226
       Scale mail        |       |       |       |    61 |   388 |    89 ||   538
Dodge: Dodged            |    82 |    46 |   219 |   303 |   863 |   286 ||  1799
Block: Shield            |       |       |       |   321 |  1439 |   530 ||  2290
       Reflection        |       |       |       |       |    39 |    62 ||   101
       Rpst.: Falchion   |    17 |    10 |    57 |       |       |       ||    84
       Long sword        |       |       |     4 |     5 |       |       ||     9
       Scimitar          |       |       |       |    63 |   138 |    23 ||   224
